 Dungeon Crawl Stone Soup version 0.29-a0-857-g9b1aa3ac5b (webtiles) character file.

Game seed: 8259340417610125283

105 concernfroge the Trooper (level 4, 0/39 HPs)
             Began as a Mummy Monk on July 17, 2022.
             Was a High Priest of Ignis.
             Slain by a gnoll
             ... wielding a +0 halberd
              (11 damage)
             ... on level 2 of the Dungeon.
             The game lasted 00:05:31 (2192 turns).

concernfroge the Trooper (Mummy Monk)               Turns: 2192, Time: 00:05:32

Health: 0/39       AC: 16    Str: 16    XL:     4   Next: 54%
Magic:  4/4        EV:  7    Int:  9    God:    Ignis [*****.]
Gold:   104        SH:  0    Dex: 14    Spells: 3/3 levels left

rFire   . . .      SeeInvis .   a - +0 spear
rCold   + . .      Faith    .   (no shield)
rNeg    + + +      Spirit   .   g - +0 chain mail
rPois   ∞          Reflect  .   j - +0 helmet
rElec   .          Harm     .   (no cloak)
rCorr   .          Rampage  .   (no gloves)
Will    .....                   (no boots)
Stlth   ..........              (no amulet)
HPRegen 0.13/turn               (no ring)
MPRegen 0.09/turn               (no ring)

@: fiery-armoured
A: cold resistance 1, negative energy resistance 3, torment resistance 2, heat
vulnerability 1, in touch with death 1, no potions
a: Renounce Religion, Fiery Armour, Foxfire Swarm, Rising Flame


You were on level 2 of the Dungeon.
You worshipped Ignis.
Ignis was extremely pleased with you.
You visited 1 branch of the dungeon, and saw 2 of its levels.

You collected 104 gold pieces.

Inventory:

Hand Weapons
 a - a +0 spear (weapon)
Missiles
 i - a throwing net (quivered)
Armour
 g - a +0 chain mail (worn)
 j - a +0 helmet (worn)
Scrolls
 c - 4 scrolls of fear {unknown}
 d - a scroll of identify {unknown}
 e - a scroll of vulnerability {unknown}
 f - a scroll of blinking {unknown}
 h - a scroll of teleportation {unknown}


   Skills:
 + Level 5.4 Fighting
 - Level 2.4 Polearms
 - Level 2.4 Dodging
 - Level 1.5 Stealth


You had 3 spell levels left.
You didn't know any spells.
Your spell library was empty.

Dungeon Overview and Level Annotations

Branches:
Dungeon (2/15)

Altars:
Ignis


Innate Abilities, Weirdness & Mutations

You are immune to poison.
Your flesh is cold resistant. (rC+)
You are immune to negative energy. (rN+++)
You are immune to unholy pain and torment.
You are vulnerable to heat. (rF-)
You are in touch with the powers of death.
You do not drink.


Message History

The gnoll is severely wounded.
The gnoll hits you from afar with a +0 spear.
You reach to attack!
You hit the gnoll.
The gnoll is almost dead.
The gnoll hits you from afar with a +0 spear.
You reach to attack!
You barely miss the gnoll.
The gnoll is almost dead.
The gnoll hits you from afar with a +0 spear.
You reach to attack!
You barely miss the gnoll.
The gnoll is almost dead.
The gnoll hits you from afar with a +0 spear.
You reach to attack!
You hit the gnoll.
You kill the gnoll!
You reach to attack!
You hit the gnoll.
The gnoll is severely wounded.
The gnoll hits you from afar with a +0 halberd.
You reach to attack!
You closely miss the gnoll.
The gnoll is severely wounded.
The gnoll hits you but does no damage.
You reach to attack!
You hit the gnoll.
You kill the gnoll!
You reach to attack!
You closely miss the gnoll.
The gnoll is heavily wounded.
The gnoll hits you from afar with a +0 halberd!
You reach to attack!
You closely miss the gnoll.
The gnoll is heavily wounded.
The gnoll hits you from afar with a +0 halberd!
* * * LOW HITPOINT WARNING * * *
A protective cloak of flame settles atop you.
The gnoll closely misses you. The gnoll completely misses you.
You hit the gnoll but do no damage.
The gnoll is heavily wounded.
The gnoll hits you but does no damage.
The gnoll is burned by your cloak of flames.
The gnoll is severely wounded.
You hit the gnoll but do no damage.
The gnoll is severely wounded.
The gnoll hits you with a +0 halberd!
You die...

......#####.>..# #.# #.# #.#
....#...#...##.###.#####.###.#
....###.#.####..........#....#
.##.# #...########.#####.#####
.##.###.......# #.# #.#
###...........####.# #.#
#####............# #.#
#..÷(.....###### #.#
#.......#.@g...# #.#
#.......######.# #.# #.......#
..# #########


You could see a gnoll.

Vanquished Creatures
  6 gnolls (D:2)
  3 dart slugs
  4 bats
  3 endoplasms (D:1)
  2 giant cockroaches
  A goblin (D:1)
  4 hobgoblins
  2 quokkas (D:1)
  A ball python (D:2)
  7 frilled lizards
  2 kobolds
  12 rats
47 creatures vanquished.

Notes
Turn   | Place    | Note
-------+----------+-------------------------------------------
     0 | D:1      | concernfroge the Mummy Monk began the quest for the Orb.
     0 | D:1      | Reached XP level 1. HP: 18/18 MP: 1/1
   177 | D:1      | Found a faded altar of an unknown god.
   218 | D:1      | Reached XP level 2. HP: 22/24 MP: 2/2
   694 | D:1      | Reached skill level 4 in Fighting
  1302 | D:2      | Gained mutation: You are in touch with the powers of death.
                  | [Mummy growth]
  1302 | D:2      | Reached XP level 3. HP: 30/30 MP: 3/3
  1412 | D:1      | Prayed at the altar of an unknown god.
  1412 | D:1      | Became a worshipper of Ignis, the Dying Flame
  1412 | D:1      | Reached ****** piety under Ignis
  1589 | D:2      | Reached XP level 4. HP: 22/38 MP: 4/4
  1599 | D:2      | Reached skill level 5 in Fighting
  2192 | D:2      | Slain by a gnoll

Illustrated notes

Levels and vault maps discovered:
D:1:      grunt_arrival_crossed_arrows, layout_basic,
          dreamdust_ecumenical_altar_hidden_monk_grotto,
          serial_co_window_serial, co_window_of_opportunity_a,
          co_window_paths_a, co_window_corner_a, co_window_paths_b,
          co_window_paths_a, co_window_of_opportunity_c, co_window_broadway_b,
          co_window_corner_b, co_window_paths_c, co_window_corner_b,
          co_window_broadway_c, co_window_of_opportunity_b, co_window_paths_e,
          glass_columns_c, glass_columns_b, hex_tiny, minmay_rat_gold_closets
D:2:      layout_loops_ring

Skill      XL: |  1  2  3  4 |
---------------+-------------+-----
Fighting       | 4 5 |  5.4
Polearms       | |  2.4
Dodging        | |  2.4
Stealth        | |  1.5

Action                   |  1- 3 |  4- 6 || total
-------------------------+-------+-------++-------
Melee: Spear             |   111 |    53 ||   164
       Punch             |     1 |     1 ||     2
Invok: Fiery Armour      |     1 |     1 ||     2
  Use: Scroll            |       |     1 ||     1
Armor: Scale mail        |    21 |       ||    21
       Chain mail        |    21 |    18 ||    39
Dodge: Dodged            |    33 |    17 ||    50

Table legend: (Time is in decaauts)
 A = Elapsed time spent in this place.
 B = Non-inter-level travel time spent in this place.
 C = Inter-level travel time spent in this place.
 D = Time resting spent in this place.
 E = Time spent auto-exploring this place.
 F = Levels seen in this place.
 G = Mean time per level.
                   A        B        C        D        E       F      G
               +--------+--------+--------+--------+--------+-----+--------+
         Total |   2190 |   2063 |    127 |      0 |   1746 |   2 | 1095.0 |
       Dungeon |   2190 |   2063 |    127 |      0 |   1746 |   2 | 1095.0 |
               +--------+--------+--------+--------+--------+-----+--------+

Top non-repeatable levels by time:
     D:1: 1369 daAuts
     D:2: 821 daAuts
